 Dungeon Crawl Stone Soup version 0.29-a0-284-gf9362112df (webtiles) character file.

Game seed: 5707727348830250348

11066 being54 the Unseen (level 11, -16/53 HPs)
             Began as a Spriggan Enchanter on Mar 22, 2022.
             Was a Priest of Dithmenos.
             Demolished by a skeletal warrior
             ... wielding a +0 hand axe
             ... led by a skeletal warrior
              (22 damage)
             ... on level 10 of the Dungeon.
             The game lasted 00:57:00 (14188 turns).

being54 the Unseen (Spriggan Enchanter)            Turns: 14188, Time: 00:57:01

Health: -16/53     AC:  9    Str:  3    XL:     11   Next: 44%
Magic:  31/31      EV: 28    Int: 16    God:    Dithmenos [***...]
Gold:   501        SH:  0    Dex: 27    Spells: 10/24 levels left

rFire   . . .      SeeInvis +   b - +1 dagger (vamp)
rCold   . . .      Faith    .   (no shield)
rNeg    + . .      Spirit   .   s - +1 steam dragon scales
rPois   +          Reflect  .   (helmet restricted)
rElec   .          Harm     .   o - +2 ratskin cloak {*Rats rPois rN+ Str-1 Int-1 Dex+1}
rCorr   .          Rampage  .   (gloves unavailable)
Will    +....                   (boots unavailable)
Stlth   ++++++++++              g - amulet of the acrobat
HPRegen 0.17/turn               e - ring of magical power
MPRegen 0.22/turn               z - +6 ring of dexterity

@: mighty, wreathed by umbra, very quick
A: very small, no large weapons, unfitting armour, see invisible, speed 3
a: Renounce Religion, Shadow Step


You were on level 10 of the Dungeon.
You worshipped Dithmenos.
Dithmenos was most pleased with you.
You visited 2 branches of the dungeon, and saw 11 of its levels.

You collected 501 gold pieces.

Inventory:

Hand Weapons
 b - a +1 vampiric dagger (weapon)
Missiles
 j - 20 poisoned darts (quivered)
Armour
 d - a +1 troll leather armour {Snorg}
 o - the +2 ratskin cloak (worn) {*Rats rPois rN+ Str-1 Int-1 Dex+1}
   (You found it on level 4 of the Dungeon)

   When the wearer is hurt, rats may emerge from it to assist them.
   Str:       It affects your strength (-1).
   Int:       It affects your intelligence (-1).
   Dex:       It affects your dexterity (+1).
   rPois:     It protects you from poison.
   rN:        It protects you from negative energy.
 s - +1 steam dragon scales (worn)
Jewellery
 e - a ring of magical power (left hand)
 g - an amulet of the acrobat (around neck)
 n - an amulet of regeneration
 r - a ring of flight
 z - a +6 ring of dexterity (right hand)
Wands
 f - a wand of polymorph (3)
 q - a wand of digging (5)
 w - a wand of paralysis (18)
Scrolls
 h - a scroll of blinking {unknown}
 i - 5 scrolls of teleportation
 t - a scroll of summoning {unknown}
 y - 2 scrolls of fog
Potions
 a - a potion of berserk rage
 c - 2 potions of invisibility
 l - a potion of haste
 m - a potion of flight
 p - 2 potions of curing
 u - a potion of magic
 x - a potion of heal wounds


   Skills:
 + Level 4.2 Fighting
 - Level 5.0 Short Blades
 - Level 10.0 Dodging
 + Level 16.8 Stealth
 - Level 7.0 Spellcasting
 - Level 10.0 Hexes
 - Level 5.0 Translocations
 - Level 3.0 Ice Magic


You had 10 spell levels left.
You knew the following spells:

 Your Spells              Type           Power      Damage    Failure   Level
a - Ensorcelled Hibernat  Hex/Ice        52%        N/A       1%          2
b - Confusing Touch       Hex            37%        N/A       1%          3
c - Dazzling Flash        Conj/Hex       42%        N/A       4%          3
d - Tukima's Dance        Hex            37%        N/A       1%          3
e - Summon Guardian Gole  Hex/Summ       21%        N/A       4%          3

Your spell library contained the following spells:

 Spells                   Type           Power      Damage    Failure   Level
 Ozocubu's Armour         Ice            15%        N/A       11%         3
 Magic Dart               Conj           20%        1d4       12%         1
 Shock                    Conj/Air       20%        1d4       12%         1
 Anguish                  Hex/Necr       10%        N/A       16%         4
 Call Imp                 Summ           5%         N/A       19%         2
 Poisonous Vapours        Pois/Air       10%        N/A       19%         2
 Mephitic Cloud           Conj/Pois/Air  5%         N/A       36%         3
 Swiftness                Air            5%         N/A       36%         3
 Silence                  Hex/Air        10%        N/A       41%         5
 Airstrike                Air            2%         N/A       77%         4
 Summon Forest            Summ/Tloc      6%         N/A       77%         5
 Freezing Cloud           Conj/Ice/Air   4%         6-21      92%         5
 Dispersal                Tloc           10%        N/A       94%         6
 Agony                    Necr           5%         N/A       98%         5
 Eringya's Noxious Bog    Tmut/Pois      2%         N/A       100%        6
 Simulacrum               Ice/Necr       5%         N/A       100%        6
 Orb of Destruction       Conj           2%         9d5       100%        7
 Ozocubu's Refrigeration  Ice            7%         4d6       100%        7
 Spellforged Servitor     Conj/Summ      2%         N/A       100%        7
 Summon Hydra             Summ           2%         N/A       100%        7
 Disjunction              Tloc           10%        N/A       100%        8
 Polar Vortex             Ice            7%         N/A       100%        9


Dungeon Overview and Level Annotations

Branches:
Dungeon (10/15)            Temple (1/1) D:6            Lair (0/6) D:9
    Orc (0/2) D:10

Altars:
Ashenzari
Cheibriados
Dithmenos
Elyvilon
Fedhas
Gozag
Hepliaklqana
Kikubaaqudgha
Makhleb
Nemelex Xobeh
Okawaru
Qazlal
Ru
Sif Muna
Trog
Uskayaw
Vehumet
Wu Jian
Xom
Yredelemnul
Zin
The Shining One

Shops:
D:5 :   D:7 !*:((


Innate Abilities, Weirdness & Mutations

You are very small and have problems with some larger weapons.
You are too small for most types of armour.
You have supernaturally acute eyesight. (SInv)
You cover ground extremely quickly. (Speed+++)


Message History

Your Fighting skill increases to level 4!
Your Translocations skill increases to level 5!
You puncture the skeletal warrior!
The skeletal warrior is lightly damaged.
The skeletal warrior barely misses you.
You puncture the skeletal warrior!
The skeletal warrior is moderately damaged.
You puncture the skeletal warrior!
The skeletal warrior is heavily damaged.
The skeletal warrior completely misses you.
You hit the skeletal warrior.
The skeletal warrior is heavily damaged.
The skeletal warrior completely misses you.
You hit the skeletal warrior.
The skeletal warrior is heavily damaged.
The skeletal warrior completely misses you.
You hit the skeletal warrior but do no damage.
The skeletal warrior is heavily damaged.
You closely miss the skeletal warrior.
The skeletal warrior is heavily damaged.
The skeletal warrior hits you with a +0 hand axe!
* * * LOW HITPOINT WARNING * * *
You feel better. The skeletal warrior misses you.
You hit the skeletal warrior but do no damage.
The skeletal warrior is heavily damaged.
The skeletal warrior completely misses you.
You hit the skeletal warrior but do no damage.
The skeletal warrior is heavily damaged.
The skeletal warrior completely misses you.
You barely miss the skeletal warrior.
The skeletal warrior is heavily damaged.
You barely miss the skeletal warrior.
The skeletal warrior is heavily damaged.
The skeletal warrior hits you with a +0 hand axe.
* * * LOW HITPOINT WARNING * * *
A river rat scurries out from under your cloak.
You puncture the skeletal warrior!
The skeletal warrior is severely damaged.
The skeletal warrior hits you with a +0 hand axe!!
You die...

#######.# #..# #.>.####.
####.....#.# #..# ######...####.
.........#.# #..####.............
###........# #.........z...z.....
###......### ##.####...........z.
.##......# #..# ####.......##.
.##.###### ##r# #.#...#.##z
.##.####### #.# #.#.....).(
..........# #@# #.#...#.###
.P♣#.####.### #z# #.......###
.♣♣....##...####(# #.......##.
.≈♣♣.#.#........(# #....##.##.
≈♣♣♣♣#.......##### #....##.##.
.♣♣♣♣♣♣....[.##########....##....
≈≈♣≈♣P♣.#...##.......##.#.###.##.
≈≈≈≈≈≈..######.#####.##.......##.
≈.♣♣♣P♣.# ####.####.###)##.


You could see a skeletal warrior (ally target) and a friendly river rat.

Vanquished Creatures
  Snorg (D:10)
  2 two-headed ogres (D:8)
  4 skeletal warriors (D:10)
  2 trolls
  A hornet (D:8)
  A shadow (D:8)
  A wraith (D:7)
  7 yaks
  2 wyverns
  A steam dragon (D:6)
  A vampire mosquito (D:10)
  An acid dragon (D:9)
  A water moccasin (D:8)
  2 sky beasts (D:7)
  2 ice beasts
  A swamp drake (D:10)
  2 orc warriors (D:8)
  5 ogres
  2 centaurs
  A phantom (D:6)
  4 kobold brigands
  3 bullfrogs
  2 necrophages (D:6)
  A gnoll sergeant (D:6)
  3 scorpions
  5 wights
  10 killer bees
  5 howler monkeys
  A jelly (D:6)
  3 gnoll shamans
  4 orc priests
  Terence (D:1)
  11 orc wizards
  5 iguanas
  20 gnolls
  10 adders
  A shadow imp (D:8)
  2 white imps
  4 dart slugs
  A worm (D:4)
  32 orcs
  6 endoplasms
  8 giant cockroaches
  9 goblins
  7 hobgoblins
  10 jackals
  6 quokkas
  5 ball pythons
  A bat (D:1)
  6 frilled lizards
  25 kobolds
  3 rats (D:1)
254 creatures vanquished.

Vanquished Creatures (collateral kills)
  A necrophage (D:7)
  A wight (D:8)
  An orc priest (D:7)
  An orc wizard (D:7)
  A gnoll (D:9)
  An orc (D:6)
6 creatures vanquished.

Vanquished Creatures (others)
  A vampire mosquito (D:10)
1 creature vanquished.

Grand Total: 261 creatures vanquished

Notes
Turn   | Place    | Note
-------+----------+-------------------------------------------
     0 | D:1      | being54 the Spriggan Enchanter began the quest for the Orb.
     0 | D:1      | Reached XP level 1. HP: 9/9 MP: 5/5
   184 | D:1      | Reached skill level 5 in Stealth
   187 | D:1      | Reached XP level 2. HP: 13/13 MP: 6/6
   484 | D:1      | You fall into a shaft and drop 1 floor!
   499 | D:2      | Noticed Terence
   843 | D:1      | Learned a level 2 spell: Ensorcelled Hibernation
   931 | D:1      | Found a faded altar of an unknown god.
   975 | D:1      | Reached XP level 3. HP: 16/16 MP: 8/8
  1016 | D:1      | Reached skill level 6 in Stealth
  1243 | D:1      | Killed Terence
  1516 | D:2      | Reached XP level 4. HP: 14/21 MP: 9/9
  1707 | D:2      | Learned a level 3 spell: Confusing Touch
  1711 | D:2      | Learned a level 3 spell: Dazzling Flash
  1833 | D:2      | Reached skill level 7 in Stealth
  3274 | D:3      | Noticed a scorpion
  3280 | D:3      | Killed a scorpion
  3281 | D:3      | Reached skill level 5 in Hexes
  3281 | D:3      | Reached XP level 5. HP: 24/24 MP: 10/10
  3330 | D:3      | HP: 1/24 [poisoned by an adder]
  4331 | D:4      | Reached skill level 5 in Dodging
  5264 | D:4      | Reached XP level 6. HP: 28/28 MP: 8/11
  5636 | D:4      | Found the +2 ratskin cloak {*Rats rPois rN+ Str-1 Int-1
                  | Dex+1}
  5844 | D:5      | Entered Level 5 of the Dungeon
  5881 | D:5      | Reached skill level 1 in Ice Magic
  6212 | D:5      | Found Foigadot's Book Emporium.
  6302 | D:5      | Reached XP level 7. HP: 32/32 MP: 12/12
  6663 | D:6      | Found a staircase to the Ecumenical Temple.
  6711 | D:6      | Noticed a steam dragon
  6719 | D:6      | Killed a steam dragon
  6847 | D:6      | Reached skill level 5 in Short Blades
  6855 | D:6      | Reached XP level 8. HP: 22/36 MP: 2/13
  7087 | D:6      | Reached skill level 8 in Stealth
  7380 | D:6      | Reached skill level 9 in Stealth
  7439 | D:6      | Reached skill level 10 in Stealth
  7454 | D:6      | Reached skill level 5 in Spellcasting
  7698 | Temple   | Entered the Ecumenical Temple
  7749 | Temple   | Became a worshipper of Dithmenos the Shadowed
  8213 | D:7      | Found Legammaj's Weapon Emporium.
  8228 | D:7      | Found Iddepyej's Weapon Emporium.
  8264 | D:7      | Found Veczol's Book Emporium.
  8264 | D:7      | Noticed a troll
  8272 | D:7      | Killed a troll
  8273 | D:7      | Reached XP level 9. HP: 39/39 MP: 20/20
  8450 | D:7      | Found Luwia's General Store.
  8647 | D:7      | Found Gyfir's Distillery.
  8786 | D:7      | Reached skill level 11 in Stealth
 10680 | D:8      | Reached skill level 12 in Stealth
 10847 | D:8      | Learned a level 3 spell: Tukima's Dance
 10851 | D:8      | Learned a level 3 spell: Summon Guardian Golem
 10861 | D:8      | Found the +7 Singing Sword {vorpal, sonic wave}
 10920 | D:8      | Reached skill level 13 in Stealth
 10922 | D:8      | Noticed a two-headed ogre
 10925 | D:8      | Reached * piety under Dithmenos
 10930 | D:8      | Killed a two-headed ogre
 10931 | D:8      | Reached XP level 10. HP: 44/44 MP: 15/21
 11093 | D:8      | Reached skill level 14 in Stealth
 11612 | D:8      | Noticed a two-headed ogre
 11619 | D:8      | Killed a two-headed ogre
 11620 | D:8      | Reached skill level 10 in Dodging
 11620 | D:8      | Reached skill level 15 in Stealth
 12066 | D:9      | Reached ** piety under Dithmenos
 12177 | D:9      | Found a staircase to the Lair.
 12252 | D:9      | Reached skill level 1 in Fighting
 12337 | D:9      | Found the +3 woodcutter's axe {vorpal}
 12421 | D:9      | Found a sparkling altar of Nemelex Xobeh.
 13084 | D:10     | Entered Level 10 of the Dungeon
 13165 | D:10     | Noticed Snorg
 13168 | D:10     | Killed Snorg
 13169 | D:10     | Reached skill level 10 in Hexes
 13169 | D:10     | Reached XP level 11. HP: 51/51 MP: 22/22
 13194 | D:10     | Found a staircase to the Orcish Mines.
 13221 | D:10     | Noticed a skeletal warrior
 13221 | D:10     | Noticed a skeletal warrior
 13224 | D:10     | Noticed a skeletal warrior
 13225 | D:10     | Noticed a skeletal warrior
 13227 | D:10     | Noticed a skeletal warrior
 13243 | D:10     | Reached skill level 1 in Translocations
 13351 | D:10     | Got Iwajail's Handbook of Poisonous Evil
 13441 | D:10     | Reached skill level 16 in Stealth
 13695 | D:10     | Reached *** piety under Dithmenos
 14066 | D:10     | Killed a skeletal warrior
 14070 | D:10     | Killed a skeletal warrior
 14077 | D:10     | Killed a skeletal warrior
 14175 | D:10     | Killed a skeletal warrior
 14176 | D:10     | Reached skill level 5 in Translocations
 14188 | D:10     | Demolished by a skeletal warrior

Illustrated notes

Levels and vault maps discovered:
D:1:      dpeg_arrival_lava_temple_mockup, layout_basic,
          ebering_ecumenical_altar_webs, hangedman_glass_teeth,
          minmay_worlds_worst_comb
D:2:      layout_basic, uniq_terence
D:3:      layout_basic
D:4:      layout_loops_ring
D:5:      layout_rooms, serial_shops, nicolae_stop_n_shop_2
D:6:      layout_cave_pools, minmay_temple_entry_stoned_glass, grunt_tough_drop
D:7:      layout_layer_cave, serial_shops, shop, nicolae_shop_trees, shop, shop,
          nicolae_shop_advertising_works [nicolae_subvault_shop_adworks],
          corexii_leaking_fountain, grunt_ministairs_6
D:8:      layout_basic, minmay_bent
D:9:      layout_rooms, nemelex_diamond_rough_becter, lair_entry_dummy,
          chequers_serial_rivers_room_b
D:10:     layout_loops_cross, erik_orc_1, serial_bayou_crossing, uniq_grum,
          uniq_snorg
Temple:   compressed_dpeg_triangle_lava_temple

Skill      XL: |  1  2  3  4  5  6  7  8  9 10 11 |
---------------+----------------------------------+-----
Stealth        | 5 6 7 10 13 15 16 | 16.8
Hexes          | 4 5 7 10 | 10.0
Dodging        | 4 5 6 7 9 10 | 10.0
Short Blades   | 2 3 5 |  5.0
Ice Magic      | 1 3 |  3.0
Spellcasting   | 3 7 |  7.0
Fighting       | 2 4 |  4.2
Translocations | 5 |  5.0

Action                   |  1- 3 |  4- 6 |  7- 9 | 10-12 || total
-------------------------+-------+-------+-------+-------++-------
Melee: Dagger            |    74 |   295 |   415 |   286 ||  1070
       Punch             |       |     3 |     5 |     6 ||    14
Throw: Dart              |       |       |       |    27 ||    27
 Cast: Ensorcelled Hiber |     5 |    22 |    70 |    97 ||   194
       Confusing Touch   |       |     1 |     4 |       ||     5
       Summon Guardian G |       |       |       |     5 ||     5
       Tukima's Dance    |       |       |       |     1 ||     1
  Use: Scroll            |     3 |     8 |     6 |     4 ||    21
       Potion            |       |       |     2 |     3 ||     5
 Stab: Sleeping          |    11 |    31 |    47 |    64 ||   153
       Distracted        |       |     1 |     2 |     5 ||     8
       Confused          |       |     1 |     4 |       ||     5
       Invisible         |       |       |       |     6 ||     6
Armor: Robe              |     8 |    19 |    17 |       ||    44
       Steam dragon scal |       |       |    52 |    20 ||    72
Dodge: Dodged            |    60 |   269 |   348 |   268 ||   945

Table legend: (Time is in decaauts)
 A = Elapsed time spent in this place.
 B = Non-inter-level travel time spent in this place.
 C = Inter-level travel time spent in this place.
 D = Time resting spent in this place.
 E = Time spent auto-exploring this place.
 F = Levels seen in this place.
 G = Mean time per level.
                   A        B        C        D        E       F      G
               +--------+--------+--------+--------+--------+-----+--------+
         Total |  11272 |  10813 |    459 |   4036 |   4513 |  11 | 1024.7 |
       Dungeon |  11076 |  10629 |    447 |   4036 |   4336 |  10 | 1107.6 |
        Temple |    196 |    184 |     12 |      0 |    176 |   1 |  196.0 |
               +--------+--------+--------+--------+--------+-----+--------+

Top non-repeatable levels by time:
     D:8: 1700 daAuts
     D:1: 1598 daAuts
     D:7: 1488 daAuts
     D:2: 1325 daAuts
     D:3: 971 daAuts
     D:4: 926 daAuts
     D:9: 831 daAuts
    D:10: 780 daAuts
     D:6: 733 daAuts
     D:5: 720 daAuts
  Temple: 196 daAuts
